 Dungeon Crawl Stone Soup version 0.32-a0-7-ge934b4519a (webtiles) character file.

Game seed: 14019868523396412335

541 veles2001 the Sneak (level 7, -7/55 HPs)
             Began as a Human Berserker on Jan 14, 2024.
             Was a Believer of Trog.
             Mangled by an ogre
             ... wielding a +0 giant club
              (14 damage)
             ... on level 4 of the Dungeon.
             The game lasted 00:09:36 (3878 turns).

veles2001 the Sneak (Human Berserker)               Turns: 3878, Time: 00:09:36

Health: -7/55      AC: 11    Str: 19    XL:     7   Next: 26%
Magic:  7/7        EV:  9    Int:  7    God:    Trog [**....]
Gold:   192        SH:  0    Dex: 13    Spells: 6/6 levels left

rFire   . . .        a - +0 falchion
rCold   . . .        (no shield)
rNeg    . . .        h - +1 chain mail
rPois   .            (no helmet)
rElec   .            (no cloak)
rCorr   .            d - +0 pair of gloves
SInv    .            n - +0 pair of boots
Will    ++...        (no amulet) Stlth
                     (no ring)
HPRegen 1.29/turn    (no ring)
MPRegen 0.10/turn

%: no passive effects
@: strong-willed, on berserk cooldown, regenerating, slowed, very slow
A: explore regen
a: Renounce Religion, Berserk, Trog's Hand


You were on level 4 of the Dungeon.
You worshipped Trog.
Trog was pleased with you.
You visited 1 branch of the dungeon, and saw 4 of its levels.

You collected 242 gold pieces.
You spent 50 gold pieces at shops.

Inventory:

Hand Weapons
 a - a +0 falchion (weapon)
Armour
 d - a +0 pair of gloves (worn)
 h - a +1 chain mail (worn)
 n - a +0 pair of boots (worn)
Talismans
 o - a serpent talisman
Wands
 i - a wand of flame (14)
Scrolls
 f - 5 scrolls of identify
 l - a scroll of immolation
 p - a scroll of enchant weapon {unknown}
Potions
 b - a potion of degeneration
 c - a potion of resistance {unknown}
 e - a potion of invisibility
 g - a potion of curing
 j - a potion of attraction {unknown}
 k - 2 potions of haste {unknown}
 m - a potion of heal wounds {unknown}
 r - a potion of berserk rage {unknown}


   Skills:
 + Level 4.8 Fighting
 - Level 3.0 Long Blades
 - Level 2.0 Armour
 - Level 4.3 Dodging
 - Level 5.2 Stealth


You had 6 spell levels left.
You didn't know any spells.
Your spell library was empty.

Dungeon Overview and Level Annotations

Branches:
Dungeon (4/15)
 Temple: D:4-7

Altars:
Ashenzari

Shops:
D:1 *


Innate Abilities, Weirdness & Mutations

You regain HP and MP as you explore.


Message History

The orc hits you from afar with a +0 trident.
Things that are here:
a +0 club; a +0 leather armour You feel a strong urge to attack something.
You slash the orc!
You feel the power of Trog in you as your rage grows.
You kill the orc!
Trog accepts your kill.
You closely miss the orc. You barely miss the orc. You punch the orc!
You kill the orc!
Trog accepts your kill.
You now have 192 gold pieces (gained 10).
Items here: )) [[.
You feel a strong urge to attack something.
An ogre comes into view. It is wielding a +0 giant club.
You are no longer berserk.
You are exhausted.
You feel yourself slow down.
The ogre shouts!
You slash the ogre!
The ogre is moderately wounded.
The ogre hits you with a +0 giant club.
You completely miss the ogre.
The ogre is moderately wounded.
The ogre barely misses you. The ogre closely misses you.
You barely miss the ogre.
The ogre is moderately wounded.
The ogre hits you with a +0 giant club!!
You hit the ogre but do no damage.
The ogre is moderately wounded.
The ogre hits you with a +0 giant club!!
* * * LOW HITPOINT WARNING * * *
You slash the ogre!
The ogre is heavily wounded.
The ogre barely misses you.
Your skin crawls.
You feel strong-willed. The ogre hits you with a +0 giant club!
You die...

..##############.#
..# #.# ..# #.#
..# #)# ..# #.#
..# #)#### ..#
#....# ###
.######.#### #
.......@O.# #
.##.###.#.# #
#.#.# #.#.# #.#.#
#.#o# ..... ...Y.


You could see an ogre.

Vanquished Creatures
  Grinder (D:4)
  Eustachio (D:4)
  A jelly (D:3)
  Robin (D:2)
  3 gnolls (D:2)
  6 adders
  3 ribbon worms
  A dart slug (D:2)
  4 orcs
  8 ball pythons
  5 endoplasms
  11 giant cockroaches
  11 goblins
  7 hobgoblins
  8 bats
  3 frilled lizards
  3 kobolds
  3 rats
80 creatures vanquished.

Notes
Turn   | Place    | Note
-------+----------+-------------------------------------------
     0 | D:1      | veles2001 the Human Berserker began the quest for the Orb.
     0 | D:1      | Reached XP level 1. HP: 18/18 MP: 1/1
   111 | D:1      | Reached skill level 1 in Stealth
   178 | D:1      | Reached XP level 2. HP: 24/24 MP: 2/2
   291 | D:1      | Found Ogryim's Assorted Antiques.
   334 | D:1      | Found a faded altar of an unknown god.
   358 | D:1      | Bought a scroll labelled DAEMMY KINACVI for 25 gold pieces
   358 | D:1      | Bought a scroll labelled FOPILA LAGY for 25 gold pieces
   631 | D:1      | Reached skill level 2 in Stealth
  1088 | D:2      | Reached XP level 3. HP: 20/29 MP: 3/3
  1101 | D:2      | Reached skill level 3 in Stealth
  1212 | D:2      | Reached XP level 4. HP: 31/35 MP: 4/4
  1385 | D:2      | Reached skill level 4 in Stealth
  1443 | D:2      | Noticed Robin
  1460 | D:2      | Killed Robin
  1479 | D:2      | Reached ** piety under Trog
  1539 | D:2      | Reached XP level 5. HP: 37/41 MP: 5/5
  2141 | D:3      | Found a broken altar of Ashenzari.
  3417 | D:4      | Reached skill level 5 in Stealth
  3468 | D:4      | Noticed Eustachio
  3493 | D:4      | Killed Eustachio
  3494 | D:4      | Reached XP level 6. HP: 47/47 MP: 6/6
  3540 | D:4      | Noticed Grinder
  3551 | D:4      | Killed Grinder
  3552 | D:4      | Reached XP level 7. HP: 55/55 MP: 7/7
  3878 | D:4      | Mangled by an ogre

Illustrated notes

Levels and vault maps discovered:
D:1:      heliophobic_arrival_henge, layout_basic,
          hellmonk_ecumenical_altar_leap_of_faith, serial_shops, shop
D:2:      layout_basic, uniq_robin
D:3:      layout_basic, cheibrodos_ashenzari_chains
D:4:      layout_basic, uniq_grinder, uniq_crazy_yiuf_cottage, uniq_eustachio

Skill      XL: |  1  2  3  4  5  6 |
---------------+-------------------+-----
Stealth        | 1 2 3 4 5 |  5.2
Dodging        | 4 |  4.3
Fighting       | 4 |  4.8
Long Blades    | |  3.0
Armour         | |  2.0

Action                     |  1- 3 |  4- 6 |  7- 9 || total
---------------------------+-------+-------+-------++-------
  Melee: Falchion          |    93 |   217 |    34 ||   344
         Punch             |       |       |     1 ||     1
 Invoke: Berserk           |     1 |     3 |     1 ||     5
         Trog's Hand       |       |     1 |     1 ||     2
    Use: Scroll            |     6 |     4 |       ||    10
   Stab: Sleeping          |     1 |       |       ||     1
 Armour: Leather armour    |     9 |       |       ||     9
         Animal skin       |     2 |       |       ||     2
         Chain mail        |    58 |   185 |    25 ||   268
  Dodge: Dodged            |    42 |   107 |    17 ||   166

Table legend: (Time is in decaauts)
 A = Elapsed time spent in this place.
 B = Non-inter-level travel time spent in this place.
 C = Inter-level travel time spent in this place.
 D = Time resting spent in this place.
 E = Time spent auto-exploring this place.
 F = Levels seen in this place.
 G = Mean time per level.
                   A        B        C        D        E       F      G
               +--------+--------+--------+--------+--------+-----+--------+
         Total |   3976 |   3761 |    215 |    796 |   1805 |   4 |  994.0 |
       Dungeon |   3976 |   3761 |    215 |    796 |   1805 |   4 |  994.0 |
               +--------+--------+--------+--------+--------+-----+--------+

Top non-repeatable levels by time:
     D:2: 1302 daAuts
     D:3: 1228 daAuts
     D:1: 884 daAuts
     D:4: 560 daAuts
